cohdb
Replays
Latest Replays
All Replays
Popular Replays
Top Player Replays
Match Explorer
How It Works
Community
CoH3 Stats
Reddit
Sign in to upload your games and track your stats! →
Sign in with Steam
Match 45199869
Unlisted
Match 45199869
Overview
Messages
Build Orders
End
Pioneer Squad
Construct Infanterie Kompanie
Grenadier Squad
Selects Breakthrough Battlegroup
Selects Assault Grenadiers
Grenadier Squad
Grenadier Squad
Infanterie Officer Quarters
Selects Smoke Bombing Run
Construct Panzergrenadier Kompanie
魂归来兮
코카콜라제로
Beairix schwire
Tirant
PlammX
KELE
오렌지플래닛
实践
0
0
Comments
sign in to comment!
No comments posted yet!